AoeStats
← ÐòóM

Black Forest

506436344Analyzed
4v4 RM · 20d ago on Sep 13, 2026· 62m 43s· 8 players
Game mode
Random Map
Map size
Large (8 player)
Population
200
Speed
Normal
Resources
Standard
Victory
Conquest
Starting age
Dark Age
Ending age
Imperial Age
RankedLock teamsTeams togetherTeam positionsShared explorationLock speedFull tech treeHidden civsTurbo modeCheats
Victory
Defeat
🇩🇰 Franks · Denmark
522
+18
🇩🇪 Teutons · Germany
477
+20
🇬🇧 Hindustanis · United Kingdom
428
+21
🇬🇧 Chinese · United Kingdom
425
+22
567
-21
🇨🇦 Turks · Canada
564
-20
🇪🇸 Chinese · Spain
543
-20
🇵🇪 Franks · Peru
542
-20
Damanzea
15:05 Feudal Age
17:00 Wheelbarrow
16:13 Town Watch
17:40 Horse Collar
27:51 Scale Barding Armor
27:48 Scale Mail Armor
27:59 Forging
29:54 Castle Age
29:36 Gold Mining
31:21 Chain Barding Armor
31:25 Heavy Plow
33:17 Husbandry
33:28 Bloodlines
37:42 Iron Casting
37:25 Hand Cart
37:14 Caravan
39:37 Gold Shaft Mining
38:52 Stone Mining
46:54 Imperial Age
47:48 Elite Ghulam
47:51 Heavy Camel Rider
49:19 Double-Bit Axe
50:13 Stone Shaft Mining
55:23 Imperial Camel Rider
59:14 Conscription
62:24 Bow Saw
✩ Original_Sea ✩
5:30 Loom
13:52 Feudal Age
14:22 Double-Bit Axe
16:30 Fishing Lines
22:59 Gold Mining
33:23 Town Watch
34:16 Wheelbarrow
42:16 Castle Age
41:12 Fletching
41:22 Padded Archer Armor
41:51 Arson
44:51 Crossbowman
45:40 Thumb Ring
47:47 Bow Saw
47:47 Town Patrol
48:04 Hand Cart
50:24 Imperial Age
47:56 Town Patrol
48:11 Hand Cart
49:54 Gold Shaft Mining
61:01 Arbalester
BlacKHazE.
10:56 Loom
12:44 Feudal Age
11:01 Loom
15:04 Wheelbarrow
15:25 Double-Bit Axe
19:07 Castle Age
17:33 Stone Mining
21:35 Bow Saw
22:08 Hand Cart
22:44 Fletching
23:44 Murder Holes
23:48 Gambesons
24:04 Squires
23:49 Arson
24:14 Scale Mail Armor
34:12 Husbandry
38:52 Imperial Age
36:27 Gold Mining
41:22 Ballistics
42:03 Chemistry
41:14 Fortified Wall
42:01 Masonry
42:32 Chivalry
42:02 Pikeman
42:19 Cavalier
43:10 Scale Barding Armor
43:01 Bodkin Arrow
43:02 Halberdier
47:36 Chain Mail Armor
47:42 Chain Barding Armor
48:34 Siege Engineers
49:00 Architecture
48:44 Forging
49:54 Conscription
49:58 #83
50:46 Caravan
51:34 Paladin
53:42 Plate Mail Armor
53:48 Plate Barding Armor
55:11 Hoardings
55:42 Elite Throwing Axeman
60:38 Iron Casting
Bertl
0:52 Loom
14:22 Feudal Age
16:14 Wheelbarrow
15:24 Horse Collar
15:31 Double-Bit Axe
15:39 Gold Mining
15:41 Stone Mining
22:50 Castle Age
23:54 Hand Cart
24:06 Heavy Plow
24:19 Bow Saw
25:52 Caravan
30:18 Padded Archer Armor
30:09 Fletching
30:29 Forging
30:25 Scale Barding Armor
35:44 Imperial Age
33:02 Town Watch
34:11 Bloodlines
36:24 Leather Archer Armor
36:04 Bodkin Arrow
37:42 Chemistry
37:23 Crop Rotation
38:00 Two-Man Saw
36:45 Cavalier
40:37 Paladin
41:53 Ring Archer Armor
42:32 Iron Casting
iNl00K
15:13 Feudal Age
16:57 Double-Bit Axe
20:52 Castle Age
18:41 Horse Collar
19:06 Double-Bit Axe
21:01 Gold Mining
21:01 Fishing Lines
27:40 Imperial Age
26:17 Squires
26:14 Gillnets
28:37 Wheelbarrow
27:48 Loom
29:02 Bow Saw
29:58 Fortified Wall
30:41 Scale Barding Armor
30:48 Forging
32:51 Heavy Camel Rider
33:47 Bloodlines
35:59 Caravan
36:13 Husbandry
39:42 Hand Cart
41:31 Iron Casting
42:18 Chain Barding Armor
44:03 Plate Barding Armor
45:48 Blast Furnace
toworsfire︻芫=-------
0:36 Loom
19:32 Feudal Age
20:34 Horse Collar
20:41 Double-Bit Axe
20:49 Gold Mining
20:49 Stone Mining
21:46 Wheelbarrow
21:57 Town Watch
23:42 Arson
30:37 Castle Age
29:27 Bloodlines
29:46 Scale Mail Armor
31:36 Heavy Plow
32:49 Gold Shaft Mining
34:48 Hand Cart
38:08 Stone Shaft Mining
39:00 Town Patrol
44:25 Imperial Age
42:35 Scale Barding Armor
42:32 Padded Archer Armor
43:38 Treadmill Crane
44:09 Masonry
44:09 Kshatriyas
45:41 Crop Rotation
45:24 Bow Saw
46:43 Chain Barding Armor
48:32 Conscription
48:43 Caravan
49:14 Coinage
49:05 Chain Mail Armor
50:44 Hoardings
51:02 Sappers
53:45 Plate Barding Armor
53:27 Leather Archer Armor
53:38 Ballistics
54:08 Fletching
54:29 Forging
55:20 Murder Holes
58:31 Frontier Guards
59:41 Architecture
59:56 Iron Casting
63:22 Chemistry
62:57 Plate Mail Armor
ÐòóM
0:33 Loom
13:57 Feudal Age
14:27 Horse Collar
14:34 Double-Bit Axe
15:45 Wheelbarrow
17:14 Gold Mining
17:15 Stone Mining
20:09 Town Watch
23:31 Castle Age
24:22 Fletching
24:33 Padded Archer Armor
24:42 Caravan
25:02 Heavy Plow
25:15 Bow Saw
26:54 Hand Cart
30:30 Bodkin Arrow
30:52 Leather Archer Armor
31:22 Gold Shaft Mining
31:24 Stone Shaft Mining
33:00 Fervor
36:38 Imperial Age
34:16 Town Patrol
34:46 Murder Holes
35:13 Ballistics
35:27 Husbandry
35:45 Scale Barding Armor
35:57 Bloodlines
37:57 Chain Barding Armor
37:36 Cavalier
38:52 Rocketry
39:48 Chemistry
40:24 Two-Man Saw
40:02 Elite Chu Ko Nu
44:01 Masonry
43:40 Pikeman
46:01 Halberdier
46:43 Squires
47:06 Forging
46:56 Scale Mail Armor
46:57 Bracer
47:27 Ring Archer Armor
47:37 Plate Barding Armor
47:29 Arson
50:40 Fortified Wall
kaifanestro
9:03 Loom
11:55 Feudal Age
12:28 Double-Bit Axe
14:20 Wheelbarrow
18:09 Gold Mining
21:22 Castle Age
20:25 Stone Mining
22:36 Fletching
23:31 Bow Saw
24:34 Hand Cart
32:03 Gold Shaft Mining
34:33 Forging
42:18 Imperial Age
43:37 Iron Casting
43:08 Scale Barding Armor
45:10 Coinage
44:40 Caravan
45:25 Chain Barding Armor
45:05 Bodkin Arrow
47:05 Blast Furnace
48:51 Banking
49:27 Husbandry
50:14 Cavalier
52:46 Plate Barding Armor
52:30 Paladin
Connection lost

Rejoining the realm…

Still unreachable

The connection could not be restored.

Session expired

The server has moved on; the page needs a fresh start.